 Dungeon Crawl Stone Soup version 0.24-a0-203-gf0bc1e94ae (webtiles) character file.

Game seed: 404226949997535380

30 Esekla the Charmwright (level 3, -3/27 HPs)
             Began as a Vampire Skald on Mar 26, 2019.
             Slain by Sigmund
             ... wielding a +0 scythe
              (7 damage)
             ... on level 2 of the Dungeon.
             The game lasted 00:08:02 (776 turns).

Esekla the Charmwright (Vampire Skald)               Turns: 776, Time: 00:08:02

Health: -3/27      AC:  4    Str: 15    XL:     3   Next: 3%
Magic:  4/6        EV: 12    Int: 15    God:
Gold:   68         SH:  0    Dex: 14    Spells: 1/6 levels left

rFire    . . .     SeeInvis +   a - +0 falchion
rCold    . . .     Gourm    .   (no shield)
rNeg     + . .     Faith    .   b - +0 leather armour
rPois    .         Spirit   .   (no helmet)
rElec    .         Reflect  .   (no cloak)
rCorr    .         Harm     .   (no gloves)
MR       .....                  f - +0 pair of boots
Stlth    +.........             (no amulet)
HPRegen  0.09/turn              (no ring)
MPRegen  0.10/turn              (no ring)

@: mighty, infused
A: fangs 3, see invisible, unbreathing
a: Bat Form


You were on level 2 of the Dungeon.
You were not thirsty.

You visited 1 branch of the dungeon, and saw 2 of its levels.

You collected 68 gold pieces.

Inventory:

Hand Weapons
 a - a +0 falchion (weapon)
Armour
 b - a +0 leather armour (worn)
 f - a +0 pair of boots (worn)
Scrolls
 c - 3 scrolls of identify {unknown}
 h - 3 scrolls of teleportation
 i - a scroll of amnesia {unknown}
 k - a scroll of magic mapping {unknown}
Potions
 d - 9 potions of blood
 e - a potion of flight {unknown}
 j - a potion of agility {unknown}


   Skills:
 + Level 1.9 Fighting
 * Level 2.9 Long Blades
 + Level 1.1 Armour
 + Level 2.5 Dodging
 - Level 2.0 Spellcasting
 - Level 3.2 Charms


You had one spell level left.
You knew the following spells:

 Your Spells              Type           Power        Failure   Level  Hunger
a - Infusion              Chrm           ##..         7%          1    #......
b - Shroud of Golubria    Chrm/Tloc      #.........   22%         2    ###....
c - Song of Slaying       Chrm           ##......     11%         2    ###....

Your spell library contained the following spells:

 Spells                   Type           Power        Failure   Level  Hunger
 Regeneration             Chrm/Necr      #.........   38%         3    ###....
 Spectral Weapon          Hex/Chrm       #.......     38%         3    ###....


Dungeon Overview and Level Annotations

Branches:
Dungeon (2/15)

Altars:
Zin

Annotations:
D:2 Sigmund


Innate Abilities, Weirdness & Mutations

You have razor-sharp teeth.
You have supernaturally acute eyesight. (SInv)
You can survive without breathing.


Message History

You hit Sigmund but do no damage. You bite Sigmund.
Sigmund is heavily wounded.
Casting: Song of Slaying (safe; 12% risk of failure)
Confirm with . or Enter, or press ? or * to list all spells.
You begin infusing your attacks with magical energy.
Sigmund misses you.
You riposte.
You closely miss Sigmund.
Sigmund is heavily wounded.
You barely miss Sigmund.
Sigmund is heavily wounded.
You closely miss Sigmund.
Sigmund is heavily wounded.
Sigmund hits you with a +0 scythe!
* * * LOW HITPOINT WARNING * * *
The kobold shouts!
Okay, then.
Okay, then.
It was a potion of might.
You feel very mighty all of a sudden. Sigmund hits you with a +0 scythe!
You die...

.$...@>..# .# #.
.g.......# .# ..._ ....#
#.#.#...# .... #.#.....#
### ...#. #........ ...
###..##.###.#...... ....
##...# #...........
.....#..######K#.........
.....#.#....@@s#g..##....
.......#)######..........
..........#####......####
.....##.....>........#
##..........####...)..#
#...#####..# ##.......
#.. ##.... ..#...... #..
##(####........ #. .#
.........


You could see Sigmund, a giant cockroach and a kobold.

Vanquished Creatures
  3 leopard geckos
  5 hobgoblins
  3 jackals (D:2)
  3 bats
  2 frilled lizards (D:1)
  4 goblins
  2 kobolds (D:1)
  3 rats (D:1)
25 creatures vanquished.

Notes
Turn   | Place    | Note
-------+----------+-------------------------------------------
     0 | D:1      | Esekla the Vampire Skald began the quest for the Orb.
     0 | D:1      | Reached XP level 1. HP: 16/16 MP: 3/3
   101 | D:1      | Reached XP level 2. HP: 16/22 MP: 5/5
   108 | D:1      | Learned a level 2 spell: Shroud of Golubria
   111 | D:1      | Learned a level 2 spell: Song of Slaying
   693 | D:2      | Noticed Sigmund
   711 | D:2      | Reached skill level 1 in Armour
   748 | D:2      | Found a glowing silver altar of Zin.
   765 | D:2      | Reached XP level 3. HP: 23/27 MP: 4/6
   776 | D:2      | Slain by Sigmund

Levels and vault maps discovered:
D:1:      giann_wishing_wells, layout_loops_ring
D:2:      layout_rooms, gammafunk_temple_overflow_elements,
          grunt_temple_overflow_order_and_chaos_1, uniq_robin, uniq_sigmund

Skill      XL: |  1  2 |
---------------+-------+-----
Armour         | 1 |  1.1
Fighting       | |  1.9
Long Blades    | |  2.9
Dodging        | |  2.5
Spellcasting   | |  2.0
Charms         | |  3.2

Action                   || total
-------------------------++-------
Melee: Falchion          ||    77
       Bite              ||    10
 Cast: Infusion          ||     4
       Song of Slaying   ||     1
  Use: Scroll            ||     1
       Potion            ||     1
 Stab: Sleeping          ||     1
Armor: Leather armour    ||    15
Dodge: Dodged            ||    59
       Rpst.: Falchion   ||    30

Table legend:
 A = Non-vault XP
 B = Vault XP
 C = Vault XP percentage of total XP
 D = Non-vault monster count
 E = Vault monster count
 F = Vault count percentage of total count
                 A         B        C        D         E       F
            +---------+---------+-------+---------+---------+-------
      Total |      43 |       0 |   0.0 |      25 |       0 |   0.0
            +---------+---------+-------+---------+---------+-------
        D:1 |      25 |       0 |   0.0 |      16 |       0 |   0.0
        D:2 |      18 |       0 |   0.0 |       9 |       0 |   0.0
            +---------+---------+-------+---------+---------+-------
